 Dungeon Crawl Stone Soup version 0.21-a0-404-g291f19a (webtiles) character file.

13 drevant the Skirmisher (level 2, -3/24 HPs)
             Began as a Demonspawn Abyssal Knight on Oct 27, 2017.
             Was a Follower of Lugonu.
             Slain by a hobgoblin (5 damage)
             ... on level 1 of the Dungeon.
             The game lasted 00:01:29 (622 turns).

drevant the Skirmisher (Demonspawn Abyssal Knight)   Turns: 622, Time: 00:01:30

Health: -3/24      AC:  3    Str:  9 (12) XL:     2   Next: 24%
Magic:  4/4        EV: 11    Int: 12 (13) God:    Lugonu [*.....]
Gold:   8          SH:  0    Dex: 10 (12) Spells: 1/1 levels left

rFire    . . .     SeeInvis .   a - +1 hand axe
rCold    . . .     Gourm    .   (no shield)
rNeg     . . .     Faith    .   b - +0 leather armour
rPois    .         Spirit   .   (helmet restricted)
rElec    .         Reflect  .   (no cloak)
rCorr    .         Harm     .   (no gloves)
MR       .....                  (no boots)
Stlth    +.........             (no amulet)
HPRegen  0.08/turn              (no ring)
MPRegen  0.09/turn              (no ring)

@: no status effects
A: antennae 1
a: Depart the Abyss, Renounce Religion


You were on level 1 of the Dungeon.
You worshipped Lugonu.
Lugonu was aware of your devotion.
You were not hungry.

You visited 1 branch of the dungeon, and saw 1 of its levels.
You visited the Abyss 1 time.

You collected 8 gold pieces.

Inventory:

Hand Weapons
 a - a +1 hand axe (weapon)
Armour
 b - a +0 leather armour (worn)
 f - a +0 pair of gloves
Scrolls
 g - a scroll of amnesia {unknown}
 h - 6 scrolls of identify {unknown}
Comestibles
 c - a bread ration
 d - a meat ration
 i - a chunk of flesh


   Skills:
 + Level 3.1 Fighting
 * Level 2.1 Axes
 + Level 2.0 Armour
 - Level 1.0 Dodging
 + Level 2.7 Invocations


You had one spell level left.
You didn't know any spells.

Dungeon Overview and Level Annotations

Branches:
Dungeon (1/15)

Altars:


Innate Abilities, Weirdness & Mutations

You have a pair of small antennae on your head.


Message History

The hobgoblin hits you but does no damage.
You barely miss the hobgoblin.
The hobgoblin is severely wounded.
The hobgoblin hits you.
* * * LOW HITPOINT WARNING * * *
The hobgoblin hits you.
* * * LOW HITPOINT WARNING * * *
You barely miss the hobgoblin.
The hobgoblin is severely wounded.
The hobgoblin barely misses you.
You barely miss the hobgoblin.
The hobgoblin is severely wounded.
The hobgoblin hits you.
* * * LOW HITPOINT WARNING * * *
Okay, then.
It was a potion of degeneration.
There was something very wrong with that liquid.
You feel weakened.
You feel dopey.
You feel clumsy. The hobgoblin hits you.
You die...

######### ##########
#..... .. .........#
#...# ..
....####.###.#.## .#
###.............# .# #
####........#{...# #
#.#.####)####.# ###
#.#.# #.).@g# .>####.#.#
###.##.# .........###
#.$#...
.........[.#.....#.#...
...###.###.#.##..#.#..##
...# #.# #.#.##....# ...
#..###.###.#.####### #.#
...........#.# ##### .#
#..#######.#.# #...#


You could see a hobgoblin.

Vanquished Creatures
  A leopard gecko (D:1)
  A bat (D:1)
  3 goblins (D:1)
  3 hobgoblins (D:1)
  A kobold (D:1)
  2 rats (D:1)
11 creatures vanquished.

Notes
Turn   | Place    | Note
-------+----------+-------------------------------------------
     0 | Abyss:1  | drevant the Demonspawn Abyssal Knight began the quest for the Orb.
     0 | Abyss:1  | Reached XP level 1. HP: 18/18 MP: 2/2
    41 | Abyss:2  | Noticed a ynoxinul
    42 | Abyss:2  | Noticed a tentacled starspawn
    43 | D:1      | Escaped the Abyss
   246 | D:1      | Reached skill level 1 in Dodging
   411 | D:1      | Reached * piety under Lugonu
   430 | D:1      | Gained mutation: You have a pair of small antennae on your head. [demonic ancestry]
   430 | D:1      | Reached XP level 2. HP: 15/24 MP: 4/4
   622 | D:1      | Slain by a hobgoblin

Vault maps used:
D:1:      dpeg_arrival_fog, minmay_pentomino_q4
Abyss:2:  hangedman_abyss_or_decor_lesser_grid

Skill      XL: |  1  2 |
---------------+-------+-----
Dodging        | 1 |  1.0
Axes           | 2 |  2.1
Armour         | 2 |  2.0
Fighting       | |  3.1
Invocations    | |  2.7

Action                   || total
-------------------------++-------
Melee: Hand axe          ||    28
Invok: Depart the Abyss  ||     1
  Use: Potion            ||     1
Armor: Leather armour    ||     4
Dodge: Dodged            ||    11

Table legend:
 A = Spawn XP
 B = Non-spawn XP
 C = Spawn XP percentage of total XP
 D = Spawn monster count
 E = Non-spawn monster count
 F = Spawn count percentage of total count
 G = Total turns spent on level
                    A         B        C        D         E        F      G
               +---------+---------+-------+---------+---------+-------+---------
         Total |       0 |      19 |   0.0 |       0 |      11 |   0.0 |   622
               +---------+---------+-------+---------+---------+-------+---------
           D:1 |       0 |      19 |   0.0 |       0 |      11 |   0.0 |   579
               +---------+---------+-------+---------+---------+-------+---------
